 Dungeon Crawl Stone Soup version 0.32-a0-290-g598725c5f2 (webtiles) character file.

Game seed: 12709749474284859907

675 Catman the Scratcher (level 7, -5/33 (34) HPs)
             Began as a Felid Shapeshifter on Feb 14, 2024.
             Slain by a wight
             ... wielding a +2 spear
              (11 damage)
             ... on level 7 of the Dungeon.
             The game lasted 00:58:32 (4464 turns).

Catman the Scratcher (Felid Shapeshifter)           Turns: 4464, Time: 00:58:33

HP:   -5/33 (34)    AC:  6    Str: 18    XL:     7   Next: 33%
MP:   8/8           EV: 19    Int: 13    God:
Gold: 189           SH:  0    Dex: 16    Spells: 6/6 levels left
                                        Lives: 0   Deaths: 3

rFire   . .          .
                       - Unarmed
rCold   . . .        (shield unavailable)
rNeg    . . .        (body armour unavailable)
rPois   .            (helmet unavailable)
rElec   .            (cloak unavailable)
rCorr   .            (gloves unavailable)
SInv    +            (boots unavailable)
Will    +....        (no amulet)
Stlth   ++           h - +4 ring of protection
HPRegen 0.25/turn    j - +6 ring of strength
MPRegen 0.11/turn

%: no passive effects
@: beast-form, lightly drained
A: beast (slay +2), very small, claws 1, fangs 3, see invisible, shaggy fur 2,
stealthy paws, no weapons or thrown items, no armour, multi-lived
a: Begin Untransformation


You were on level 7 of the Dungeon.
You were a hulking beast.
You visited 1 branch of the dungeon, and saw 7 of its levels.

You collected 189 gold pieces.

Inventory:

Jewellery
 d - a +4 ring of protection
 h - a +4 ring of protection (left paw)
 j - a +6 ring of strength (right paw)
 p - a ring of protection from fire
 r - a ring of willpower
Talismans
 b - a beast talisman (active)
 c - a flux talisman
Scrolls
 f - a scroll of poison {unknown}
 g - a scroll of amnesia {unknown}
 m - a scroll of torment {unknown}
 o - a scroll of fog {unknown}
 q - a scroll of revelation {unknown}
 s - 4 scrolls of identify {unknown}
 u - 2 scrolls of brand weapon {unknown}
Potions
 a - a potion of lignification
 e - a potion of ambrosia {unknown}


   Skills:
 + Level 1.9 Fighting
 + Level 5.1 Dodging
 + Level 3.2 Stealth
 + Level 6.4 Unarmed Combat
 + Level 3.9 Shapeshifting


You had 6 spell levels left.
You didn't know any spells.
Your spell library contained the following spells:

 Spells                   Type           Power      Damage    Failure   Level
 Gell's Gravitas          Tloc           0%         N/A       67%         3
 Teleport Other           Tloc           0%         N/A       67%         3
 Dispersal                Tloc           0%         N/A       100%        6


Dungeon Overview and Level Annotations

Branches:
Dungeon (8/15)
 Temple: D:4-7         Lair: D:8-11

Altars:
The Shining One


Innate Abilities, Weirdness & Mutations

You are a hulking beast.
Your limbs bulge with bestial killing power. (Slay +2)
You have sharp claws.
You have razor-sharp teeth.
You have supernaturally acute eyesight. (SInv)
You are covered in thick fur. (AC +2)
Your paws help you pounce on unaware monsters.
You are incapable of wielding weapons or throwing items.
You cannot wear armour.
You gain extra lives every three experience levels.


Message History

You see here the felid skeleton of Catman.
Things that are here:
a +0 short sword; a +0 leather armour; the elf skeleton of Duvessa The two-headed ogre hits you with a +0 giant club.
The two-headed ogre completely misses you.
The two-headed ogre attacks as it pursues you!
The two-headed ogre misses you. The two-headed ogre closely misses you.
The two-headed ogre attacks as it pursues you!
The two-headed ogre barely misses you.
The two-headed ogre hits you with a +0 giant club.
You claw the two-headed ogre!
The two-headed ogre is moderately wounded.
The two-headed ogre misses you. The two-headed ogre barely misses you.
You claw the two-headed ogre!
The two-headed ogre is heavily wounded.
You claw the two-headed ogre!
The two-headed ogre is severely wounded.
The two-headed ogre hits you with a +0 giant club!
The two-headed ogre misses you.
You are too injured to fight recklessly!
You are too injured to fight recklessly!
As you read the scroll of teleportation, it crumbles to dust.
You feel strangely unstable. The two-headed ogre barely misses you.
The two-headed ogre hits you with a +0 giant club.
Your surroundings suddenly seem different.
The wight misses you. The wight attacks as it pursues you!
The wight completely misses you.
You see here 2 stones.
The wight attacks as it pursues you!
The wight hits you with a +4 great sword!
* * * LOW HITPOINT WARNING * * *
You feel drained. The wight attacks as it pursues you!
The wight barely misses you. The wight closely misses you.
The wight hits you but does no damage. The wight attacks as it pursues you!
The wight misses you. The wight misses you. The wight completely misses you.
The wight hits you with a +2 spear!
You die...

###### #.z.)#
#hz..# ##### #z...#
#...# #z...# #...#
#....# #...#
#z...#########...#
##...÷.............
#........####..≈≈≈≈
#.##[[#............
#.###.).########.##


You could see 5 wights.

Vanquished Creatures
  A steam dragon (D:7)
  Duvessa (D:7)
  A bullfrog (D:7)
  Dowan (D:7)
  An orc priest (D:7)
  2 jellies (D:7)
  A gnoll bouda (D:4)
  A sleepcap (D:4)
  An iguana (D:7)
  3 gnolls (D:4)
  An adder (D:2)
  A white imp (D:7)
  4 dart slugs
  3 ribbon worms (D:2)
  4 orcs
  3 bats
  2 endoplasms (D:1)
  3 giant cockroaches
  7 goblins
  3 hobgoblins
  4 jackals (D:3)
  5 kobolds
  7 quokkas
  2 ball pythons
  A frilled lizard (D:3)
  4 rats
67 creatures vanquished.

Notes
Turn   | Place    | Note
-------+----------+-------------------------------------------
     0 | D:1      | Catman the Felid Shapeshifter began the quest for the Orb.
     0 | D:1      | Reached XP level 1. HP: 10/10 MP: 2/2
   176 | D:1      | Reached XP level 2. HP: 10/14 MP: 3/3
  1067 | D:2      | Reached XP level 3. HP: 13/18 MP: 4/4
  1735 | D:2      | Reached skill level 1 in Stealth
  2090 | D:3      | Reached XP level 4. HP: 15/22 MP: 5/5
  2090 | D:3      | Gained a life (2 lives remaining)
  2929 | D:3      | Reached skill level 4 in Unarmed Combat
  3123 | D:4      | HP: 1/22 [sleepcap (19)]
  3132 | D:4      | Reached XP level 5. HP: 17/25 MP: 6/6
  3491 | D:4      | You fall into a shaft and drop 3 floors!
  3548 | D:7      | Reached skill level 5 in Unarmed Combat
  3548 | D:7      | Gained mutation: You are covered in thick fur. (AC +2)
                  | [Felid growth]
  3548 | D:7      | Reached XP level 6. HP: 29/30 MP: 7/7
  3604 | D:8      | Noticed an orc warrior
  3652 | D:7      | Noticed a steam dragon
  3664 | D:7      | Killed a steam dragon
  3730 | D:7      | Noticed a two-headed ogre
  3741 | D:7      | Demolished by a two-headed ogre
  3741 | D:7      | Lost a life (1 life remaining)
  3771 | D:7      | Noticed an ice beast
  3778 | D:7      | Slain by a two-headed ogre
  3778 | D:7      | Lost a life (0 lives remaining)
  4041 | D:7      | Noticed Dowan
  4042 | D:7      | Noticed Duvessa
  4063 | D:7      | Killed Duvessa
  4064 | D:7      | Reached skill level 5 in Dodging
  4064 | D:7      | Reached skill level 6 in Unarmed Combat
  4064 | D:7      | Reached XP level 7. HP: 2/34 MP: 8/8
  4064 | D:7      | Gained a life (1 life remaining)
  4067 | D:7      | Slain by Dowan
  4067 | D:7      | Lost a life (0 lives remaining)
  4070 | D:7      | Found a glowing golden altar of the Shining One.
  4087 | D:7      | Killed Dowan
  4464 | D:7      | Slain by a wight

Illustrated notes

Levels and vault maps discovered:
D:1:      heliophobic_arrival_glass_houses, layout_loops_ring
D:2:      layout_rooms, grunt_ministairs_14
D:3:      layout_basic, gup_sewer_entry_bubbles, serial_rivers,
          chequers_serial_rivers_small_3, chequers_serial_rivers_micro_c,
          chequers_serial_rivers_small_b, chequers_serial_rivers_room_b,
          chequers_serial_rivers_micro_a, chequers_serial_rivers_small_3,
          dk_vineyard_3, hangedman_abyss_or_decor_lesser_grid,
          minmay_misc_feat_pillars, minmay_cut_off
D:4:      layout_layer_cave, temple_statues
D:6:      layout_cave_pools, lemuel_crystal_altar,
          mainiacjoe_overflow_cross_hatched, amcnicky_altar_gilded,
          mainiacjoe_overflow_tiny_flanked, serial_gnoll_camp,
          gnoll_camp_mini_house, gnoll_camp_huts_basic, gnoll_camp_mini_basic,
          gnoll_camp_mini_hut, minmay_a_box_with_orc_wizards_in_it
D:7:      layout_rooms, mainiacjoe_overflow_boulevard, uniq_duvessa,
          uniq_crazy_yiuf_cottage
D:8:      layout_layer_cave, nicolae_overflow_hidden_temple, uniq_prince_ribbit1

Skill      XL: |  1  2  3  4  5  6 |
---------------+-------------------+-----
Dodging        | 3 4 5 |  5.1
Shapeshifting  | 3 |  3.9
Stealth        | 1 2 3 |  3.2
Unarmed Combat | 4 5 6 |  6.4
Fighting       | |  1.9

Action                     |  1- 3 |  4- 6 |  7- 9 || total
---------------------------+-------+-------+-------++-------
  Melee: Unarmed           |    73 |   135 |    12 ||   220
         Bite              |     9 |    16 |       ||    25
         Punch             |     1 |     5 |       ||     6
    Use: Scroll            |     3 |       |     1 ||     4
         Potion            |       |    13 |       ||    13
 Armour: Skin              |    40 |    60 |    15 ||   115
  Dodge: Dodged            |    96 |   131 |    21 ||   248

Table legend: (Time is in decaauts)
 A = Elapsed time spent in this place.
 B = Non-inter-level travel time spent in this place.
 C = Inter-level travel time spent in this place.
 D = Time resting spent in this place.
 E = Time spent auto-exploring this place.
 F = Levels seen in this place.
 G = Mean time per level.
                   A        B        C        D        E       F      G
               +--------+--------+--------+--------+--------+-----+--------+
         Total |   4448 |   4293 |    155 |    950 |    822 |   7 |  635.4 |
       Dungeon |   4448 |   4293 |    155 |    950 |    822 |   7 |  635.4 |
               +--------+--------+--------+--------+--------+-----+--------+

Top non-repeatable levels by time:
     D:1: 1374 daAuts
     D:2: 1016 daAuts
     D:7: 961 daAuts
     D:3: 611 daAuts
     D:4: 479 daAuts
     D:8: 2 daAuts
     D:6: 1 daAuts
